 Dungeon Crawl Stone Soup version 0.32-a0-422-g28b100f618 (console) character file.

Game seed: 2897594095069565707

1897810 elliptic the Conqueror (level 27, 224/224 HPs)
             Began as a Coglin Artificer on Feb 21, 2024.
             Was the Champion of Ru.
             Escaped with the Orb
             ... and 3 runes on Feb 22, 2024!
             The game lasted 03:04:00 (54421 turns).

elliptic the Conqueror (Coglin Artificer)          Turns: 54421, Time: 03:04:01

Health: 224/224    AC: 35    Str: 17    XL:     27
Magic:  23/23      EV: 39    Int: 12    God:    Ru [******]
Gold:   7856       SH:  0    Dex: 40    Spells: 26/26 levels left

rFire   + + +        a - +9 demon blade (heavy) {norare}
rCold   . . .        b - +8 Vampire's Tooth {megavamp, norare}
rNeg    + . .        N - +8 fire dragon scales {Xtahua}
rPois   +            p - -2 hat of the Alchemist {rElec rPois rF+ rC+ rN+ Will+ rMut rCorr}
rElec   +            e - scarf of Rataryt {shadows, rCorr Dex+3}
rCorr   +            w - +2 pair of gloves of Wizeh {Str+4}
SInv    .            t - +2 pair of boots
Will    +++..        G - amulet of regeneration Stlth
                     E - +6 ring of dexterity
HPRegen 1.37/turn    J - ring "Kull" {+Blink rCorr AC+4 Dex+4}
MPRegen 0.18/turn

%: resist mutation
@: hasted, very quick
A: no stealth, inability to use devices, hated by all, no conjurations magic, no
hexes magic, no ice magic, disrupted magic 1, unskilled 1, no forms, off-hand
wielding, slow wielding, warmup strikes, legs shutdown, iridescent scales 2,
thin skeletal structure 1, dopey 1, frail 1
0: Orb of Zot
}: 3/15 runes: decaying, silver, gossamer
a: Renounce Religion, Draw Out Power, Power Leap, Apocalypse


You escaped.
You worshipped Ru.
Ru was exalted by your worship.
You visited 11 branches of the dungeon, and saw 51 of its levels.
You visited the Abyss 2 times.
You also visited: Sewer, Gauntlet, Ice Cave, Wizlab and Desolation.

You collected 10709 gold pieces.
You spent 2853 gold pieces at shops.


Innate Abilities, Weirdness & Mutations

You cannot be stealthy.
You cannot study or use magical devices.
You are hated by all.
You cannot study or cast Conjurations magic.
You cannot study or cast Hexes magic.
You cannot study or cast Ice magic.
Your casting is slightly disrupted.
You are somewhat unskilled. (-1 Apt)
You cannot voluntarily change form.
You can wield a second weapon in your off-hand.
It takes a long time for you to wield or remove held weapons.
Your first few attacks do less damage.
Attacking and casting redirects power from your legs.
You are mostly covered in iridescent scales. (AC +4)
You have a somewhat thin skeletal structure. (Dex +2, Stealth+)
You are dopey. (Int -2)
You are frail. (-10% HP)


   Skills:
 O Level 27 Fighting
 - Level 10.5(14.0) Short Blades
 - Level 16.0(17.3) Long Blades
 - Level 16.0 Armour
 + Level 24.1 Dodging
 - Level 2.1 Necromancy


You had 26 spell levels left.
You didn't know any spells.
Your spell library contained the following spells:

 Spells                   Type           Power      Damage    Failure   Level
 Apportation              Tloc           0%         N/A       73%         1
 Sandblast                Erth           0%         2d4       73%         1
 Cigotuvi's Dreadful Rot  Necr/Alch/Air  2%         N/A       78%         2
 Blink                    Tloc           0%         N/A       86%         2
 Lesser Beckoning         Tloc           0%         N/A       86%         2
 Mercury Vapours          Alch/Air       0%         N/A       86%         2
 Scorch                   Fire           0%         2d5       86%         2
 Gell's Gravitas          Tloc           0%         N/A       97%         3
 Passwall                 Erth           0%         N/A       97%         3
 Swiftness                Air            0%         N/A       97%         3
 Teleport Other           Tloc           0%         N/A       97%         3
 Volatile Blastmotes      Fire/Tloc      0%         2d10      97%         3
 Dispel Undead            Necr           5%         3d7       99%         4
 Ignite Poison            Fire/Alch      0%         N/A       100%        4
 Leda's Liquefaction      Alch/Erth      0%         N/A       100%        4
 Olgreb's Toxic Radiance  Alch           0%         N/A       100%        4
 Passage of Golubria      Tloc           0%         N/A       100%        4
 Petrify                  Alch/Erth      0%         N/A       100%        4
 Sticky Flame             Fire/Alch      0%         2d4       100%        4
 Vhi's Electric Charge    Tloc/Air       0%         N/A       100%        4
 Alistair's Intoxication  Alch           0%         N/A       100%        5
 Borgnjor's Vile Clutch   Necr/Erth      1%         N/A       100%        5
 Lee's Rapid Deconstruct  Erth           0%         3d4*      100%        5
 Dispersal                Tloc           0%         N/A       100%        6
 Eringya's Noxious Bog    Alch           0%         4d6       100%        6
 Plasma Beam              Fire/Air       0%         2x1d10    100%        6
 Borgnjor's Revivificati  Necr           2%         N/A       100%        8
 Ignition                 Fire           0%         3d3       100%        8
 Maxwell's Capacitive Co  Air            0%         death     100%        8
 Death's Door             Necr           2%         N/A       100%        9
 Kiss of Death            Conj/Necr      Unusable   2d6       N/A         1
 Foxfire                  Conj/Fire      Unusable   2x1d4     N/A         1
 Magic Dart               Conj           Unusable   1d3       N/A         1
 Summon Small Mammal      Summ           Unusable   N/A       N/A         1
 Call Imp                 Summ           Unusable   N/A       N/A         2
 Ensorcelled Hibernation  Hex/Ice        Unusable   N/A       N/A         2
 Jinxbite                 Hex            Unusable   N/A       N/A         2
 Searing Ray              Conj           Unusable   2d4       N/A         2
 Confusing Touch          Hex            Unusable   N/A       N/A         3
 Dazzling Flash           Conj/Hex       Unusable   N/A       N/A         3
 Frozen Ramparts          Ice            Unusable   1d1       N/A         3
 Stone Arrow              Conj/Erth      Unusable   3d7       N/A         3
 Tukima's Dance           Hex            Unusable   N/A       N/A         3
 Animate Dead             Necr           Unusable   N/A       N/A         4
 Animate Armour           Summ/Erth      Unusable   N/A       N/A         4
 Flame Wave               Conj/Fire      Unusable   2d4       N/A         4
 Fulminant Prism          Conj/Alch      Unusable   3d5       N/A         4
 Iskenderun's Mystic Bla  Conj/Tloc      Unusable   2d3       N/A         4
 Arcjolt                  Conj/Air       Unusable   1d10      N/A         5
 Freezing Cloud           Conj/Ice/Air   Unusable   6-21      N/A         5
 Metabolic Englaciation   Hex/Ice        Unusable   N/A       N/A         5
 Silence                  Hex/Air        Unusable   N/A       N/A         5
 Summon Forest            Summ/Tloc      Unusable   N/A       N/A         5
 Yara's Violent Unravell  Hex/Alch       Unusable   3d3       N/A         5
 Bombard                  Conj/Erth      Unusable   9d1       N/A         6
 Starburst                Conj/Fire      Unusable   6d3       N/A         6
 Summon Cactus Giant      Summ           Unusable   N/A       N/A         6
 Haunt                    Necr/Summ      Unusable   N/A       N/A         7
 Ozocubu's Refrigeration  Ice            Unusable   4d7       N/A         7
 Summon Hydra             Summ           Unusable   N/A       N/A         7
 Discord                  Hex            Unusable   N/A       N/A         8
 Lehudib's Crystal Spear  Conj/Erth      Unusable   10d2      N/A         8
 Summon Horrible Things   Summ           Unusable   N/A       N/A         8
 Chain Lightning          Conj/Air       Unusable   N/A       N/A         9

Inventory:

Hand Weapons
 a - a +9 heavy demon blade (weapon) {norare}
 b - the +8 Vampire's Tooth (offhand) {megavamp, norare}
   (You found it in the Desolation of Salt)
 K - a +1 double sword of draining
 U - the +9 double sword of Roliq {flame, Str+3}
   (You acquired it in a Gauntlet)

   Str+3:     It affects your strength (+3).
Missiles
 z - 14 curare-tipped darts (quivered)
 L - 7 throwing nets
Armour
 e - the scarf of Rataryt (worn) {shadows, rCorr Dex+3}
   (You found it on level 4 of the Spider Nest)

   Dex+3:     It affects your dexterity (+3).
   rCorr:     It protects you from acid and corrosion.
 p - the -2 hat of the Alchemist (worn) {rElec rPois rF+ rC+ rN+ Will+ rMut rCorr}
   (You found it in a wizard's laboratory)

   rF+:       It protects you from fire.
   rC+:       It protects you from cold.
   rElec:     It insulates you from electricity.
   rPois:     It protects you from poison rN+: It protects you from negative
   energy.
   Will+:     It increases your willpower.
   rCorr:     It protects you from acid and corrosion.
   rMut:      It protects you from mutation.
 t - a +2 pair of boots (worn)
 w - the +2 pair of gloves of Wizeh (worn) {Str+4}
   (You acquired it on level 3 of the Spider Nest)

   Str+4:     It affects your strength (+4).
 N - +8 fire dragon scales (worn) {Xtahua}
Jewellery
 c - the ring "Jiufyc" {rC+ Will+ Str+2}
   (You found it in the Desolation of Salt)

   [ring of willpower]

   Str+2:     It affects your strength (+2).
   rC+:       It protects you from cold.
   Will+:     It increases your willpower.
 i - a ring of protection from fire
 k - a +6 ring of dexterity
 A - the ring "Wiodouttui" {rPois Str-4 Int+4 Slay+3 Stlth+}
   (You found it on level 2 of the Swamp)

   [ring of poison resistance]

   Str-4:     It affects your strength (-4).
   Int+4:     It affects your intelligence (+4).
   Slay+3:    It affects your accuracy & damage with ranged weapons and melee
   (+3).
   rPois:     It protects you from poison Stlth+: It makes you more stealthy.
 E - a +6 ring of dexterity (left grasper)
 G - an amulet of regeneration (around neck)
 J - the ring "Kull" (right grasper) {+Blink rCorr AC+4 Dex+4}
   (You found it in the Desolation of Salt)

   [ring of protection]

   AC+4:      It affects your AC (+4).
   Dex+4:     It affects your dexterity (+4).
   +Blink:    It lets you blink.
   rCorr:     It protects you from acid and corrosion.
 M - the amulet of the Grand God {Faith +Inv rElec Slay+2}
   (You found it in the Desolation of Salt)

   [amulet of faith]

   Faith:     It allows you to gain divine favour quickly.
   Slay+2:    It affects your accuracy & damage with ranged weapons and melee
   (+2).
   rElec:     It insulates you from electricity.
   +Inv:      It lets you turn invisible.
 Q - the ring "Taith" {+Blink rElec MP+9 Str+3}
   (You took it off a minotaur in a Gauntlet)

   [ring of magical power]

   Str+3:     It affects your strength (+3).
   rElec:     It insulates you from electricity.
   MP+9:      It affects your magic capacity (+9).
   +Blink:    It lets you blink.
 V - the ring of the Bouncing Brambles {Fly rC+}
   (You found it in the Desolation of Salt)

   [ring of flight]

   rC+:       It protects you from cold.
   Fly:       It grants you flight.
 W - the ring "Byloh" {rF+ Will+ Int+6}
   (You took it off a deep elf sorcerer on level 3 of the Elven Halls)

   [ring of willpower]

   Int+6:     It affects your intelligence (+6).
   rF+:       It protects you from fire.
   Will+:     It increases your willpower.
 Y - a ring of see invisible
Scrolls
 h - 6 scrolls of fear
 j - 15 scrolls of fog
 l - 3 scrolls of silence {!r}
 y - 24 scrolls of teleportation
 H - 3 scrolls of blinking
 I - 16 scrolls of poison
 R - 4 scrolls of enchant weapon
 S - a scroll of enchant armour
Potions
 f - 13 potions of heal wounds
 g - 5 potions of attraction
 m - 24 potions of curing
 n - 6 potions of enlightenment
 q - 10 potions of might
 r - 5 potions of invisibility
 s - 3 potions of resistance
 u - 6 potions of berserk rage {!q}
 v - 11 potions of haste
 x - 15 potions of magic
 B - 2 potions of cancellation
 D - 15 potions of mutation {!q}
 F - 9 potions of ambrosia
 P - 14 potions of brilliance


Message History

There is a stone staircase leading up here.
You climb upwards.
There is a stone staircase leading down here.
There is an open door here.
A hellion comes into view.
The hellion gives a hideous shriek!
You feel yourself speed up. The hellion completely misses you.
You closely miss the hellion with the +8 Vampire's Tooth.
You barely miss the hellion with the +8 Vampire's Tooth.
You slice the hellion like a ripe choko with your +9 heavy demon blade!!!!
You kill the hellion!
You are no longer unable to travel.
There is an escape hatch in the ceiling here.
A mysterious force pulls you upwards. The hatch slams shut behind you.
You see here a kobold skeleton.
A tormentor comes into view.
Things that are here:
a +0 short sword; a goblin skeleton You puncture the tormentor with the +8 Vampire's Tooth!
You hit the tormentor but do no damage.
The tormentor is moderately wounded.
You carve the tormentor like a ham with your +9 heavy demon blade!!!
You kill the tormentor!
You are no longer unable to travel.
Things that are here:
a +0 club; a hobgoblin skeleton Your extra speed is starting to run out.
You feel yourself slow down.
There is a staircase leading out of the dungeon here.
Okay, then.
You feel yourself speed up.
Hit: a) +9 demon blade (heavy) {norare}
Press: ? - help, Dir - move target You swing at nothing.
Throw: 15 darts (curare)
Press: ? - help, Q - select action, (/) - cycle Shift-Dir - straight line You throw a curare-tipped dart.
You are no longer unable to travel.
You have escaped!

.###.......##.)..#...#......(....
.##.........###.##...###.........
.##....-....##..(#...#...........
.##...........##...###...........
.###.......######### #...........
.# ###...######...####...........
######.### ##.......##...........
###...### #....(....#...........
#.......####....@....#...........
.........##..........#...........
....-......##.......###....#.....
.........######...### #...##.....
#.......## ##### #...##.....
###...### ######..... #####
#..... #..... #.....


There were no monsters in sight!

Vanquished Creatures
  A dread lich (Zot:5)
  Mara (Depths:2)
  2 orbs of fire (Zot:5)
  2 ancient liches
  Xtahua (Vaults:3)
  Sojobo (Depths:4)
  Josephina (Depths:3)
  A shard shrike (Zot:3)
  5 Killer Klowns
  Boris (Depths:4)
  A royal mummy (Crypt:3)
  4 caustic shrikes (Depths:3)
  Margery (Vaults:3)
  A curse toe (Zot:3)
  A profane servitor (Crypt:3)
  5 golden dragons
  4 bone dragons
  A Tzitzimitl (Zot:5)
  Norris (Elf:2)
  A mutant beast (WizLab)
  3 electric golems
  2 shard shrike zombies (Crypt:3)
  11 tentacled monstrosities
  Zenata (Vaults:2)
  A hellephant (Vaults:3)
  2 liches (Crypt:2)
  A walking crystal tome (Depths:3)
  23 Orb Guardians
  A Hell Sentinel (Zot:1)
  A quicksilver dragon (Depths:3)
  2 walking earthen tomes (Depths:3)
  3 titans (Vaults:5)
  3 deep elf blademasters
  A walking frostbound tome (Depths:3)
  2 acid blobs (Zot:3)
  8 sphinxes
  An ancient champion (Crypt:2)
  3 tentacled starspawn (Abyss:3)
  4 storm dragons
  Agnes (D:15)
  10 tengu reavers
  11 shadow dragons
  3 revenants
  5 draconian monks
  4 draconian knights
  8 fire giants
  2 fenstrider witches
  3 draconian shifters
  6 ghost moths
  4 frost giants
  2 draconian scorchers
  2 caustic shrike zombies
  3 balrugs
  9 deep elf sorcerers
  3 iron dragons
  2 imperial myrmidons (Desolation)
  An orc warlord (Vaults:2)
  19 vault wardens
  2 draconian stormcallers
  6 deep elf elementalists
  4 emperor scorpions (Spider:4)
  14 ghouls
  3 draconian annihilators
  2 juggernaut zombies (Crypt:3)
  2 spriggan defenders (Depths:3)
  35 very ugly things
  3 reapers
  4 curse skulls
  3 broodmothers
  The ghost of Ufuth the Crack Shot, a journeyman DEHu of Jiyva (Swamp:1)
  A juggernaut skeleton (Crypt:2)
  21 ironbound preservers
  A caustic shrike skeleton (Crypt:2)
  10 ironbound thunderhulks
  11 stone giants
  2 formless jellyfish
  5 eleionomae
  11 green draconians
  7 black draconians
  7 deep elf demonologists
  9 dire elephants
  7 purple draconians
  3 vampire knights
  2 halazid warlocks (Desolation)
  9 deep elf annihilators
  4 bunyips
  A minotaur (Gauntlet)
  12 white draconians
  4 deep elf death magi
  2 red draconians (Zot:4)
  10 spark wasps
  3 war gargoyles (Vaults:5)
  9 yellow draconians
  4 crystal guardians
  8 eidola
  16 ettins
  2 blizzard demons
  7 deep elf high priests
  A shambling mangrove (Swamp:3)
  19 yaktaur captains
  17 hydras
  2 entropy weavers (shapeshifter)
  5 ice dragons
  2 merfolk javelineers (Depths:1)
  Fannar (D:12)
  4 entropy weavers
  A merfolk impaler (Depths:1)
  9 fire dragons
  9 jiangshi
  7 spriggan air magi
  2 servants of whispers (Desolation)
  30 vault guards
  A catoblepas (Gauntlet)
  3 great orbs of eyes
  4 jorogumos
  2 demonspawn (Orc:2)
  Harold (Orc:1)
  8 peacekeepers
  10 boulder beetles
  2 sphinx zombies
  4 centaur warriors
  A ghost crab (Swamp:1)
  5 death knights
  29 dancing weapons
  12 alligators
  4 death yaks (IceCv)
  14 ironbound frosthearts
  8 radroaches
  2 deep troll shamans
  2 two-headed ogres
  17 spriggan berserkers
  13 demonic crawlers
  2 two-headed ogres (shapeshifter) (WizLab)
  19 tengu warriors
  A thrashing horror (Abyss:4)
  8 deep troll earth magi
  6 hell hogs (Depths:3)
  11 orc high priests
  A shock serpent (shapeshifter) (Depths:2)
  A titan zombie (Crypt:3)
  Urug (D:14)
  9 hell knights
  2 vampire magi
  2 occultists
  4 wretched stars (Abyss:3)
  3 skysharks (Elf:2)
  2 titan skeletons (Crypt:1)
  A storm dragon zombie (Crypt:3)
  Sonja (D:12)
  20 deep elf knights
  7 sun demons
  4 soul eaters
  25 spriggans
  2 sixfirhies
  4 shadow wraiths
  7 iron trolls
  A salamander mystic (D:15)
  A skyshark (shapeshifter) (WizLab)
  A goliath frog (Swamp:1)
  3 quicksilver dragon simulacra
  The ghost of Krumphau the Carver, a novice DsMo of Makhleb (D:8)
  32 skeletal warriors
  Lodul (D:14)
  45 deep trolls
  A sea snake (shapeshifter) (Vaults:5)
  An anaconda zombie (Crypt:1)
  5 flayed ghosts
  2 golden dragon zombies
  2 sun moths (Spider:4)
  11 pharaoh ants
  2 sun moths (shapeshifter) (WizLab)
  14 orb spiders
  10 arcanists
  5 glowing orange brains
  5 spriggan druids
  A mana viper (shapeshifter) (WizLab)
  24 phantasmal warriors
  6 bog bodies
  11 swamp dragons
  2 swamp dragons (shapeshifter) (WizLab)
  A harpy (shapeshifter) (Elf:2)
  6 steelbarb worms
  21 ironbound convokers
  12 deep elf archers
  A tengu zombie (Crypt:3)
  41 wolf spiders
  16 large abominations
  8 orc knights
  An alligator zombie (Crypt:1)
  6 harpies
  7 necromancers
  A cyclops (D:15)
  28 deep elf pyromancers
  19 deep elf zephyrmancers
  A shining eye (shapeshifter) (WizLab)
  14 lindwurms
  A glowing shapeshifter (Vaults:4)
  2 oklob plants (Lair:4)
  A frost giant zombie (Vaults:5)
  2 orc sorcerers
  A stone giant zombie (Vaults:5)
  15 moths of wrath
  7 will-o-the-wisps
  40 ugly things
  8 elephants
  5 manticores
  2 shadow dragon skeletons
  2 worldbinders (Abyss:3)
  A faun (shapeshifter) (WizLab)
  A stone giant skeleton (Depths:2)
  3 guardian serpents (Desolation)
  A human skeleton (Vaults:2)
  3 meliai (D:13)
  3 kobold blastminers
  An eye of devastation (shapeshifter) (WizLab)
  An orc zombie (Crypt:3)
  2 rust devils
  19 vault sentinels
  4 centaur zombies
  2 naga zombies (Crypt:3)
  2 water nymphs (Swamp:1)
  An apocalypse crab (Abyss:3)
  6 smoke demons
  A dire elephant zombie (Crypt:3)
  2 molten gargoyles
  2 black mambas (shapeshifter)
  13 cane toads
  2 gargoyles
  2 ice statues
  5 black mambas
  A torpor snail (shapeshifter) (Vaults:5)
  A torpor snail (Spider:1)
  3 orange demons (Lair:5)
  8 komodo dragons
  3 rime drakes
  2 naga skeletons (Crypt:2)
  Jeremiah (D:7)
  3 hellions
  9 freezing wraiths
  A spark wasp simulacrum (Depths:3)
  A tormentor (D:1)
  5 ice devils
  An ancient zyme (Abyss:3)
  32 yaktaurs
  8 tengu conjurers
  2 golden dragon simulacra
  2 guardian mummies (Crypt:3)
  A merfolk (shapeshifter) (WizLab)
  A harpy zombie (Crypt:3)
  4 red devils
  8 trolls
  A yellow draconian skeleton (Crypt:1)
  A queen bee (shapeshifter) (Elf:2)
  13 polar bears
  2 polar bears (shapeshifter)
  A shadow dragon simulacrum (Vaults:5)
  19 tarantellas
  7 tyrant leeches
  The ghost of jasper the Poker, an amateur CoCK (D:4)
  An iron dragon simulacrum (Crypt:2)
  29 hornets
  A hornet (shapeshifter) (Vaults:5)
  2 blink frogs (shapeshifter)
  A harpy skeleton (Crypt:2)
  A raiju (shapeshifter) (WizLab)
  A blink frog (Lair:5)
  5 glass eyes
  An ice dragon zombie (Crypt:1)
  2 trolls (shapeshifter) (Elf:1)
  38 saltlings (Desolation)
  2 snapping turtles (shapeshifter)
  A glass eye (shapeshifter) (WizLab)
  5 dream sheep
  28 slime creatures
  A black mamba zombie (Crypt:3)
  22 culicivoras
  8 small abominations
  Sigmund (D:2)
  2 spriggans (shapeshifter)
  A ynoxinul (Abyss:3)
  44 jumping spiders
  2 shadows
  8 wyverns
  12 wraiths
  4 starcursed masses (Abyss:3)
  2 yaks (shapeshifter)
  A dire elephant simulacrum (Crypt:2)
  4 fire elementals (Elf:2)
  6 water elementals
  54 yaks
  A golden eye (shapeshifter) (Elf:1)
  2 wargs
  4 basilisks
  A warg (shapeshifter) (WizLab)
  A human (shapeshifter) (Elf:3)
  16 humans (D:14)
  56 redbacks
  An iron golem (WizLab)
  8 vampire mosquitoes
  2 neqoxecs (Abyss:3)
  A chaos spawn (Abyss:3)
  A swamp worm (shapeshifter) (WizLab)
  A demonspawn zombie (Crypt:1)
  A naga (shapeshifter) (WizLab)
  2 acid dragons (D:11)
  11 swamp worms
  20 water moccasins
  4 hell hounds (Lair:5)
  8 swamp drakes
  2 laughing skulls (D:15)
  31 orc warriors
  4 black bears
  3 ice beasts
  5 ogres
  An ettin simulacrum (Depths:3)
  A crocodile (shapeshifter) (Elf:1)
  9 centaurs
  2 boggarts (D:7)
  11 wolves (IceCv)
  2 phantoms
  7 kobold brigands
  20 bullfrogs
  A human simulacrum (Vaults:2)
  3 earth elementals
  2 gnoll sergeants
  2 two-headed ogre simulacra (D:11)
  3 scorpions
  6 wyvern skeletons (Crypt:3)
  30 wights
  15 killer bees
  2 howler monkeys (D:9)
  A spriggan skeleton (Crypt:2)
  3 crimson imps (Gauntlet)
  2 bombardier beetles
  2 lava snakes (Swamp:4)
  3 jellies
  4 hounds
  An iron imp (Abyss:3)
  22 orc priests
  A boggart zombie (Crypt:1)
  3 iguanas
  10 orc wizards
  3 sleepcaps
  A troll simulacrum (D:11)
  An ice beast zombie (Crypt:1)
  A centaur simulacrum (D:4)
  A deep dwarf zombie (Crypt:2)
  2 scorpion simulacra (D:4)
  A mummy (Crypt:3)
  9 gnolls
  15 adders
  A naga simulacrum (D:11)
  A river rat (D:3)
  A hound simulacrum (D:4)
  6 shadow imps
  2 ufetubi (D:6)
  3 dart slugs
  An adder simulacrum (D:4)
  95 orcs
  6 bats
  6 endoplasms
  8 giant cockroaches
  7 goblins
  12 hobgoblins
  47 kobolds
  7 quokkas
  3 training dummies (Depths:2)
  9 ball pythons
  3 frilled lizards
  A frilled lizard skeleton (Crypt:2)
  A hobgoblin zombie (Crypt:1)
  A quokka skeleton (Crypt:2)
  9 rats
  2 starspawn tentacles (Abyss:3)
2454 creatures vanquished.

Vanquished Creatures (collateral kills)
  A two-headed ogre (D:7)
  A gnoll (D:3)
2 creatures vanquished.

Vanquished Creatures (others)
  A golden dragon (Zot:3)
  A deep elf elementalist (Elf:3)
  A stone giant (Depths:2)
  A ghoul (Crypt:1)
  A red draconian (Zot:4)
  A spark wasp (Lair:2)
  A yaktaur captain (Vaults:5)
  A hydra (Lair:5)
  A juggernaut simulacrum (Depths:3)
  A caustic shrike simulacrum (Depths:3)
  A deep elf knight (Elf:3)
  A skyshark (Elf:2)
  2 pharaoh ants
  2 deep trolls
  A deep elf archer (Elf:1)
  A deep elf pyromancer (Elf:3)
  2 deep elf zephyrmancers (Elf:2)
  A cane toad (Lair:2)
  A harpy zombie (Crypt:3)
  A hydra zombie (Crypt:3)
  3 bloated husks
  A polar bear (Lair:5)
  3 jumping spiders (Spider:4)
  A vampire mosquito (D:13)
  A swamp drake (Swamp:4)
  An ettin simulacrum (Depths:3)
  A gnoll (D:10)
  An adder skeleton (Crypt:2)
  2 orcs
  2 kobolds (D:10)
  18 foxfires
  2 starspawn tentacles (Abyss:3)
59 creatures vanquished.

Grand Total: 2515 creatures vanquished

Notes
Turn   | Place    | Note
-------+----------+-------------------------------------------
     0 | D:1      | elliptic the Coglin Artificer began the quest for the Orb.
     0 | D:1      | Reached XP level 1. HP: 15/15 MP: 1/1
   134 | D:1      | Reached skill level 2 in Fighting
   134 | D:1      | Reached XP level 2. HP: 12/22 MP: 2/2
   352 | D:1      | Reached XP level 3. HP: 28/28 MP: 3/3
   365 | D:1      | Reached skill level 3 in Fighting
   397 | D:1      | Found a faded altar of an unknown god.
   882 | D:2      | Reached XP level 4. HP: 36/37 MP: 4/4
   965 | D:2      | Reached skill level 4 in Fighting
  1044 | D:2      | Found Etzefe's Assorted Antiques.
  1194 | D:2      | Reached XP level 5. HP: 43/43 MP: 5/5
  1286 | D:2      | Found Tonuobbo's General Store.
  1333 | D:2      | Noticed Sigmund
  1335 | D:2      | Killed Sigmund
  1336 | D:2      | Reached skill level 6 in Fighting
  1336 | D:2      | Reached XP level 6. HP: 52/52 MP: 6/6
  1411 | D:2      | Reached skill level 1 in Dodging
  2063 | D:3      | Found a glowing drain.
  2071 | Sewer    | Entered a sewer
  2233 | Sewer    | Reached XP level 7. HP: 49/59 MP: 7/7
  2697 | D:3      | Reached skill level 7 in Fighting
  2729 | D:3      | Reached skill level 3 in Dodging
  2875 | D:3      | Found a snail-covered altar of Cheibriados.
  3008 | D:3      | hm
  3222 | D:2      | Bought an ivory falchion for 144 gold pieces
  3222 | D:2      | Identified the +5 falchion of Noxefiap {vamp, rC+ Str+3
                  | Dex+3 Stlth-} (You bought it in a shop on level 2 of the
                  | Dungeon)
  3232 | D:2      | Acquired 704 gold pieces
  3234 | D:2      | Bought a yellow potion for 16 gold pieces
  3234 | D:2      | Bought 2 potions of curing for 108 gold pieces
  3234 | D:2      | Bought a scroll labelled KURYOC GIH for 18 gold pieces
  3234 | D:2      | Bought a scroll of identify for 36 gold pieces
  3234 | D:2      | Bought a scroll labelled SADGHU IRAICESA for 18 gold pieces
  3234 | D:2      | Bought a shiny scale mail for 126 gold pieces
  3295 | D:2      | Bought 3 scrolls of identify for 60 gold pieces
  3295 | D:2      | Bought a scroll of identify for 20 gold pieces
  3295 | D:2      | Bought a potion of haste for 100 gold pieces
  3354 | D:2      | Reached XP level 8. HP: 67/67 MP: 8/8
  3825 | D:4      | Acquired a +5 demon blade of pain
  3844 | D:4      | Noticed jasper's ghost (amateur CoCK)
  3857 | D:4      | Found a sacrificial altar of Ru.
  3878 | D:4      | Became a worshipper of Ru the Awakened
  3931 | D:4      | Found Gyuhis's Armour Shop.
  3981 | D:4      | Found a runed translucent gate.
  3981 | D:4      | Found a runed translucent gate.
  3981 | D:4      | Found a runed translucent gate.
  4021 | D:4      | Reached XP level 9. HP: 67/72 MP: 9/9
  4059 | D:4      | Found a stormy altar of Qazlal.
  4088 | D:4      | Found a basalt altar of Yredelemnul.
  4132 | D:4      | Found a staircase to the Ecumenical Temple.
  4143 | Temple   | Entered the Ecumenical Temple
  4328 | D:5      | Entered Level 5 of the Dungeon
  4341 | D:5      | Found Lyithot's Antique Armour Shop.
  4341 | D:5      | Found an opulent altar of Gozag.
  4415 | D:5      | Identified the +0 ring mail of the Old World {rN++ Str+3}
  4694 | D:5      | Found a shimmering blue altar of Sif Muna.
  4705 | D:5      | Found a transporter.
  4705 | D:5      | Found a transporter.
  4763 | D:5      | Gained mutation: You are somewhat unskilled. (-1 Apt) [Ru
                  | sacrifice]
  4763 | D:5      | Reduced skill Fighting to level 6
  4763 | D:5      | Reduced skill Long Blades to level 9
  4763 | D:5      | Reduced skill Evocations to level 3
  4763 | D:5      | Reached * piety under Ru
  4906 | D:5      | Noticed Aldia's ghost (novice CoWr)
  5177 | D:6      | Reached skill level 1 in Necromancy
  5871 | D:7      | Reached XP level 10. HP: 72/77 MP: 10/10
  6038 | D:7      | Noticed Jeremiah
  6044 | D:7      | Killed Jeremiah
  6206 | D:7      | Noticed a two-headed ogre
  6206 | D:7      | Noticed a two-headed ogre
  6231 | D:7      | Killed a two-headed ogre
  6502 | D:8      | Reached skill level 12 in Long Blades
  6505 | D:8      | Gained mutation: You are hated by all. [Ru sacrifice]
  6505 | D:8      | Reached ** piety under Ru
  6505 | D:8      | Reached *** piety under Ru
  6767 | D:8      | Found a staircase to the Lair.
  6778 | D:8      | Found a large runed translucent door.
  6778 | D:8      | Found a large runed translucent door.
  6782 | D:8      | Noticed Krumphau's ghost (novice DsMo)
  6793 | D:8      | Killed Krumphau's ghost
  6794 | D:8      | Reached skill level 7 in Fighting
  6794 | D:8      | Reached XP level 11. HP: 70/84 MP: 11/11
  6825 | D:8      | Found a radiant altar of Vehumet.
  6841 | D:10     | Entered Level 10 of the Dungeon
  7395 | D:9      | Found an ancient bone altar of Kikubaaqudgha.
  8236 | D:10     | Found a staircase to the Orcish Mines.
  8259 | D:10     | Gained mutation: You cannot study or use magical devices.
                  | [Ru sacrifice]
  8259 | D:10     | Reached **** piety under Ru
  8657 | D:11     | Found Zufavo's Jewellery Boutique.
  8665 | D:11     | Bought a ring of protection from cold for 325 gold pieces
  8676 | D:11     | hm
  8716 | D:11     | Noticed a two-headed ogre
  8724 | D:11     | hm
  8727 | D:11     | why
  8895 | D:11     | Killed a two-headed ogre
  8896 | D:11     | Reached skill level 8 in Fighting
  8929 | D:11     | Found a frozen archway.
  8938 | IceCv    | Entered an ice cave
  9019 | IceCv    | Noticed a death yak
  9042 | IceCv    | Killed a death yak
  9093 | IceCv    | Reached XP level 12. HP: 93/93 MP: 12/12
  9222 | IceCv    | Reached skill level 9 in Fighting
  9326 | IceCv    | Reached skill level 3 in Armour
  9469 | IceCv    | Noticed a death yak
  9481 | IceCv    | Killed a death yak
  9600 | IceCv    | Noticed an ironbound frostheart
  9600 | IceCv    | Noticed a death yak
  9600 | IceCv    | Noticed a death yak
  9600 | IceCv    | Noticed an ironbound frostheart
  9610 | IceCv    | Killed a death yak
  9615 | IceCv    | Killed an ironbound frostheart
  9625 | IceCv    | Killed a death yak
  9626 | IceCv    | Reached skill level 6 in Armour
  9641 | IceCv    | Killed an ironbound frostheart
  9764 | D:11     | Noticed a boulder beetle
  9786 | D:11     | Killed a boulder beetle
 10057 | D:11     | Reached skill level 10 in Fighting
 10156 | D:11     | Gained mutation: You cannot be stealthy. [Ru sacrifice]
 10156 | D:11     | Reached ***** piety under Ru
 10203 | D:11     | Reached XP level 13. HP: 103/103 MP: 13/13
 10591 | D:12     | Noticed Fannar
 10599 | D:12     | Killed Fannar
 10600 | D:12     | Reached skill level 11 in Fighting
 10615 | D:12     | Noticed Sonja
 10616 | D:12     | Killed Sonja
 10869 | D:12     | Gained mutation: You occasionally lose the ability to drink
                  | potions when taking damage. [potion of mutation]
 10869 | D:12     | Gained mutation: Your muscles are strong. (Str +4, Int/Dex
                  | -1) [potion of mutation]
 10869 | D:12     | Gained mutation: You have hidden genetic potential. [potion
                  | of mutation]
 10870 | D:12     | Lost mutation: You have hidden genetic potential. [potion
                  | of mutation]
 10870 | D:12     | Lost mutation: Your muscles are strong. (Str +4, Int/Dex
                  | -1) [potion of mutation]
 10870 | D:12     | Lost mutation: You occasionally lose the ability to drink
                  | potions when taking damage. [potion of mutation]
 10870 | D:12     | Gained mutation: You are dopey. (Int -2) [potion of
                  | mutation]
 10870 | D:12     | Gained mutation: You are partially covered in iridescent
                  | scales. (AC +2) [potion of mutation]
 10870 | D:12     | Gained mutation: You have a somewhat thin skeletal
                  | structure. (Dex +2, Stealth+) [potion of mutation]
 10870 | D:12     | Gained mutation: You are mostly covered in iridescent
                  | scales. (AC +4) [potion of mutation]
 11155 | D:4      | Killed jasper's ghost
 11316 | Lair:1   | Entered Level 1 of the Lair of Beasts
 11813 | Lair:1   | Gained mutation: You cannot voluntarily change form. [Ru
                  | sacrifice]
 12115 | Lair:2   | Found a hole to the Spider Nest.
 12144 | Lair:2   | Reached skill level 9 in Dodging
 12492 | Lair:2   | Found a white marble altar of Elyvilon.
 12549 | Lair:2   | Identified the maw talisman "Lezaepn" {Int+2 Stlth+}
 13138 | Lair:3   | Identified the +4 ring mail of Duty {rPois rF+}
 13274 | Lair:3   | Reached skill level 12 in Fighting
 13339 | Lair:3   | Found a staircase to the Swamp.
 13925 | Lair:4   | Reached XP level 14. HP: 88/101 MP: 7/14
 14128 | Lair:4   | Reached skill level 13 in Fighting
 14773 | Lair:5   | Entered Level 5 of the Lair of Beasts
 14831 | Lair:5   | Found a staircase to the Slime Pits.
 15636 | Lair:5   | Reached skill level 14 in Fighting
 15782 | Lair:5   | Found a burning altar of Makhleb.
 15788 | Lair:5   | Found a gateway to Hell.
 16050 | Orc:1    | Entered Level 1 of the Orcish Mines
 16050 | Orc:1    | Noticed Harold
 16055 | Orc:1    | Killed Harold
 16496 | Orc:2    | Entered Level 2 of the Orcish Mines
 16564 | Orc:2    | Found a staircase to the Elven Halls.
 16969 | Orc:2    | Found Utale's Antique Weapon Boutique.
 17159 | Orc:2    | Found Qexkoqo's General Store.
 17176 | Orc:2    | Found Ycagih's Magic Scroll Boutique.
 17194 | Orc:2    | Reached skill level 15 in Fighting
 17385 | Orc:2    | Bought a scroll of teleportation for 36 gold pieces
 17385 | Orc:2    | Bought a scroll of enchant weapon for 90 gold pieces
 17423 | Orc:2    | Reached XP level 15. HP: 118/121 MP: 15/15
 17781 | Orc:2    | Reached skill level 16 in Fighting
 17791 | Orc:2    | Found Taozeh's Book Emporium.
 17791 | Orc:2    | Found Ihymidesm's Antique Armour Shoppe.
 17791 | Orc:2    | Found a one-way gate leading to the halls of Pandemonium.
 17854 | Orc:2    | Bought a runed quick blade for 360 gold pieces
 18054 | D:13     | Found a gate leading to a gauntlet.
 18062 | Gauntlet | Entered a Gauntlet
 18062 | Gauntlet | Found a transporter.
 18067 | Gauntlet | Found a transporter.
 18070 | Gauntlet | Found a transporter.
 18081 | Gauntlet | Found a transporter.
 18083 | Gauntlet | Found a transporter.
 18092 | Gauntlet | Found a transporter.
 18107 | Gauntlet | Found a runed translucent gate.
 18108 | Gauntlet | Found a transporter.
 18108 | Gauntlet | Found a runed translucent gate.
 18109 | Gauntlet | Found a runed translucent gate.
 18111 | Gauntlet | Found the amulet of the Air {Inacc Air Fly rElec RMsl}
 18118 | Gauntlet | Found a transporter.
 18127 | Gauntlet | Found a transporter.
 18131 | Gauntlet | Found a runed translucent door.
 18145 | Gauntlet | Found a transporter.
 18151 | Gauntlet | Found a transporter.
 18153 | Gauntlet | Found a transporter.
 18211 | Gauntlet | Identified the staff of Courage {rPois rC+ MP+9 Str+2
                  | Stlth+ Ice}
 18240 | Gauntlet | Found a transporter.
 18280 | Gauntlet | Found a transporter.
 18280 | Gauntlet | Identified the +1 pair of boots "Xups" {rCorr}
 18358 | Gauntlet | Identified the ring "Taith" {+Blink rElec MP+9 Str+3}
 18379 | Gauntlet | Acquired the +9 double sword of Roliq {flame, Str+3}
 19274 | D:14     | Noticed Urug
 19275 | D:14     | Found a gate to the Vaults.
 19304 | D:14     | Killed Urug
 19316 | D:14     | Noticed Lodul
 19340 | D:14     | Reached skill level 15 in Long Blades
 19363 | D:14     | Killed Lodul
 19736 | D:14     | Reached XP level 16. HP: 138/138 MP: 16/16
 19984 | D:15     | Entered Level 15 of the Dungeon
 20107 | D:15     | Noticed Agnes
 20112 | D:15     | Killed Agnes
 20452 | D:15     | Found a staircase to the Depths.
 20814 | Lair:4   | Identified the +0 robe of Youthful Indiscretion {*Slow
                  | Str+2 Int+2}
 20882 | Spider:1 | Entered Level 1 of the Spider Nest
 20931 | Lair:2   | Reached skill level 12 in Dodging
 21606 | Spider:2 | Reached skill level 17 in Fighting
 22687 | Spider:2 | Reached XP level 17. HP: 114/148 MP: 11/17
 22831 | Spider:3 | Acquired the +2 pair of gloves of Wizeh {Str+4}
 23027 | Spider:3 | Reached skill level 18 in Fighting
 24218 | Spider:4 | Entered Level 4 of the Spider Nest
 25073 | Spider:4 | Reached skill level 19 in Fighting
 25587 | Spider:4 | Reached XP level 18. HP: 160/160 MP: 18/18
 25635 | Spider:4 | Identified the scarf of Rataryt {shadows, rCorr Dex+3}
 25766 | Spider:4 | Got a gossamer rune of Zot
 26023 | Swamp:1  | Entered Level 1 of the Swamp
 26079 | Swamp:1  | Reached skill level 20 in Fighting
 26572 | Swamp:1  | Found a runed translucent door.
 26572 | Swamp:1  | Noticed Ufuth's ghost (journeyman DEHu)
 26590 | Swamp:1  | Killed Ufuth's ghost
 27038 | Swamp:2  | Identified the ring "Wiodouttui" {rPois Str-4 Int+4 Slay+3
                  | Stlth+}
 27143 | Swamp:2  | Identified the +5 halberd of Ligeota {heavy, Fly Will+ MP+9
                  | Int+3}
 27596 | Swamp:3  | Noticed a tentacled monstrosity
 27604 | Swamp:3  | Killed a tentacled monstrosity
 27617 | Swamp:3  | Found a sacrificial altar of Ru.
 28116 | Swamp:4  | Entered Level 4 of the Swamp
 28397 | Swamp:4  | Reached skill level 9 in Armour
 28492 | Swamp:4  | Reached XP level 19. HP: 151/169 MP: 19/19
 28668 | Swamp:4  | Paralysed by a fenstrider witch for 3 turns
 28961 | Swamp:4  | Got a decaying rune of Zot
 29505 | Elf:1    | Entered Level 1 of the Elven Halls
 29538 | Elf:1    | Acquired 641 gold pieces
 29785 | Elf:1    | Found a huge runed translucent gate.
 29786 | Elf:1    | Found a huge runed translucent gate.
 29787 | Elf:1    | Found a huge runed translucent gate.
 29787 | Elf:1    | Found a huge runed translucent gate.
 29788 | Elf:1    | Found a huge runed translucent gate.
 29788 | Elf:1    | Found a huge runed translucent gate.
 29788 | Elf:1    | Found a huge runed translucent gate.
 29795 | Elf:1    | Found a huge runed translucent gate.
 29795 | Elf:1    | Found a huge runed translucent gate.
 29795 | Elf:1    | Found a huge runed translucent gate.
 29795 | Elf:1    | Found a huge runed translucent gate.
 29795 | Elf:1    | Found a huge runed translucent gate.
 29796 | Elf:1    | Found a huge runed translucent gate.
 29796 | Elf:1    | Found a huge runed translucent gate.
 29796 | Elf:1    | Found a huge runed translucent gate.
 29796 | Elf:1    | Found a huge runed translucent gate.
 29796 | Elf:1    | Found a huge runed translucent gate.
 29796 | Elf:1    | Found a huge runed translucent gate.
 29796 | Elf:1    | Found a huge runed translucent gate.
 29796 | Elf:1    | Found a huge runed translucent gate.
 29900 | Elf:1    | Reached skill level 21 in Fighting
 30605 | Elf:2    | Found a crumbling gateway.
 30613 | Desolati | Entered the Desolation of Salt
 30641 | Desolati | Reached skill level 15 in Dodging
 30825 | Desolati | Found the +7 great mace "Undeadhunter" {deathbane, rN+}
 30825 | Desolati | Found the +2 hood of the Assassin {Detect Stab+ Stlth++}
 30923 | Desolati | Identified the +3 leather armour "Liuc" {rElec rPois Int-2}
 30926 | Desolati | Identified the ring "Kull" {+Blink rCorr AC+4 Dex+4}
 31115 | Desolati | Identified the +0 leather armour of Kamipair {rF+ Regen+}
 31118 | Desolati | Identified the amulet of the Grand God {Faith +Inv rElec
                  | Slay+2}
 31213 | Desolati | Found the +8 Vampire's Tooth {megavamp}
 31224 | Desolati | Identified the +2 scale mail of Hubris {^Drain Will++}
 31250 | Desolati | Identified the ring of the Bouncing Brambles {Fly rC+}
 31254 | Desolati | Identified the +5 hand axe of Nolo Contendere {freeze,
                  | rElec rF- Dex+3}
 31257 | Desolati | Identified the ring "Jiufyc" {rC+ Will+ Str+2}
 31268 | Desolati | Identified the +0 dagger "Pemy Yce" {heavy, Str+8 Dex+4}
 31354 | Elf:2    | Reached skill level 1 in Short Blades
 31619 | Elf:2    | Reached XP level 20. HP: 180/180 MP: 20/20
 31622 | Elf:2    | Reached skill level 3 in Short Blades
 31677 | Elf:2    | Noticed Norris
 31691 | Elf:2    | Killed Norris
 31889 | Abyss:3  | Cast into level 3 of the Abyss (a deep elf sorcerer)
 31890 | Abyss:3  | hi
 32477 | Abyss:3  | Reached skill level 6 in Short Blades
 32479 | Abyss:3  | Noticed a bone dragon
 32491 | Elf:2    | Escaped the Abyss
 32503 | Elf:2    | Killed a bone dragon
 32644 | Elf:2    | Found a runed translucent gate.
 32644 | Elf:2    | Found a runed translucent gate.
 32646 | Elf:2    | Found a runed translucent gate.
 33125 | Elf:3    | Entered Level 3 of the Elven Halls
 33158 | Elf:2    | Found a radiant altar of Vehumet.
 33361 | Vaults:1 | Entered Level 1 of the Vaults
 33370 | Vaults:1 | Reached skill level 9 in Short Blades
 33615 | Vaults:1 | Found a magical portal.
 33636 | WizLab   | Entered Cigotuvi's Fleshworks
 33924 | WizLab   | Found the -2 hat of the Alchemist {rElec rPois rF+ rC+ rN+
                  | Will+ rMut rCorr}
 34047 | WizLab   | Reached XP level 21. HP: 185/187 MP: 21/21
 34062 | WizLab   | Identified the serpent talisman "Ydinlem" {rN+ Dex+3}
 34065 | WizLab   | Got Cigotuvi's Collected Works on Posthumous Synthesis
 34072 | WizLab   | Identified the maw talisman of Lesser Demons {Int+4}
 34617 | Vaults:1 | Reached skill level 22 in Fighting
 34736 | Vaults:1 | Paralysed by a sphinx for 3 turns
 34829 | Vaults:1 | wait what
 35719 | Vaults:2 | Found Balak's Weapon Shop.
 35816 | Vaults:2 | Noticed Zenata
 35842 | Vaults:2 | Killed Zenata
 36005 | Vaults:2 | Reached skill level 23 in Fighting
 36477 | Vaults:2 | Found Dinleh's Weapon Boutique.
 36627 | Vaults:3 | Found Oguythre's General Store.
 37101 | Vaults:3 | Reached XP level 22. HP: 167/187 MP: 22/22
 37354 | Vaults:3 | Noticed Xtahua
 37366 | Vaults:3 | Killed Xtahua
 37539 | Vaults:3 | Gained mutation: Your casting is slightly disrupted. [Ru
                  | sacrifice]
 37703 | Vaults:3 | Reached skill level 24 in Fighting
 37756 | Vaults:3 | Noticed Margery
 37769 | Vaults:3 | Killed Margery
 38036 | Vaults:3 | Found a staircase to the Crypt.
 38563 | Vaults:4 | Identified the +4 scale mail "Weomue" {rElec Regen+}
 38879 | Vaults:4 | Identified the +2 robe "Biuf" {Int+3}
 38980 | Vaults:4 | Reached skill level 25 in Fighting
 39186 | Crypt:1  | Entered Level 1 of the Crypt
 39695 | Crypt:1  | Reached XP level 23. HP: 203/204 MP: 23/23
 40880 | Crypt:2  | Reached skill level 26 in Fighting
 41137 | Crypt:3  | Entered Level 3 of the Crypt
 42299 | Crypt:3  | Identified the +5 shortbow "Lienun" {freeze, Dex+4}
 42442 | Crypt:3  | Got the Cyclopedia of the Kraken
 42459 | Crypt:3  | Found the +5 scythe "Finisher" {speed, execute}
 42641 | Crypt:3  | Found a staircase to the Tomb.
 42641 | Crypt:3  | Noticed a royal mummy
 42661 | Crypt:3  | Killed a royal mummy
 42662 | Crypt:3  | Reached skill level 27 in Fighting
 43145 | Crypt:3  | Identified the staff "Towes" {Str+5 Int+2 Earth}
 43720 | Crypt:3  | Identified the +8 spear "Ryoleym" {elec, ^Contam rF+++
                  | Str+4 Dex+3}
 44037 | Depths:1 | Entered Level 1 of the Depths
 44045 | Depths:1 | Found the +8 Wrath of Trog {antimagic, *Rage Rampage}
 44077 | Depths:1 | Reached XP level 24. HP: 188/227 MP: 23/23
 44728 | Depths:1 | Gained mutation: You cannot study or cast Ice magic. [Ru
                  | sacrifice]
 44728 | Depths:1 | Gained mutation: You cannot study or cast Hexes magic. [Ru
                  | sacrifice]
 44728 | Depths:1 | Gained mutation: You cannot study or cast Conjurations
                  | magic. [Ru sacrifice]
 44728 | Depths:1 | Reached ****** piety under Ru
 45002 | Depths:2 | Found Heac's Firing Range.
 45282 | Depths:2 | Identified the +0 robe of Tejigop {rF++ Int+3}
 45357 | Abyss:3  | Cast into level 3 of the Abyss (an occultist)
 45358 | Abyss:3  | good
 45395 | Abyss:3  | Found a corrupted altar of Lugonu.
 45429 | Abyss:3  | Found a corrupted altar of Lugonu.
 45439 | Abyss:3  | why
 45455 | Abyss:4  | sigh
 45456 | Abyss:4  | Found a corrupted altar of Lugonu.
 45544 | Depths:2 | Escaped the Abyss
 45766 | Depths:2 | Noticed Mara
 45777 | Depths:2 | Killed Mara
 45782 | Depths:2 | Reached skill level 18 in Dodging
 46175 | Depths:3 | yay
 46266 | Depths:4 | Entered Level 4 of the Depths
 46373 | Depths:4 | Found Gathepry's Antique Armour Boutique.
 46389 | Depths:4 | Bought a steaming scale mail for 270 gold pieces
 46389 | Depths:4 | Identified the +10 scale mail of Odyusit {Fly rElec rPois}
                  | (You bought it in a shop on level 4 of the Depths)
 46567 | Depths:3 | Identified the ring of Accord {Ice Int+3}
 46567 | Depths:3 | Noticed Josephina
 46572 | Depths:3 | Killed Josephina
 46579 | Depths:3 | Reached XP level 25. HP: 210/211 MP: 16/23
 46732 | Depths:3 | Identified the +2 falchion of the Reaper {drain, rPois rN++
                  | rCorr Int-3}
 47053 | Depths:3 | Found a stormy altar of Qazlal.
 47055 | Depths:3 | Found a one-way gateway to a ziggurat.
 47247 | Depths:3 | Identified the +3 robe of the Sky {Fly rCorr}
 47399 | Depths:3 | Reached skill level 12 in Armour
 47424 | Depths:3 | Found a hide-covered altar of Uskayaw.
 47549 | Depths:3 | Found a white marble altar of Elyvilon.
 47612 | Depths:3 | Found a burning altar of Makhleb.
 47638 | Depths:3 | Found a one-way gate to the infinite horrors of the Abyss.
 47864 | Depths:4 | Noticed Sojobo
 47869 | Depths:4 | Paralysed by an air elemental for 1 turns
 47877 | Depths:4 | Killed Sojobo
 48008 | Depths:4 | Identified the +3 robe of Huluj {Fly rPois Dex-4 Slay+4}
 48008 | Depths:4 | Noticed Boris
 48021 | Depths:4 | Killed Boris
 48190 | Depths:4 | Found a gate to the Realm of Zot.
 48555 | Depths:4 | Found an ornate altar of the Wu Jian Council.
 49073 | Elf:3    | Reached skill level 21 in Dodging
 49200 | Elf:3    | Identified the +8 battleaxe of the Equinox {elec, +Blink}
 49216 | Elf:3    | Identified the ring "Byloh" {rF+ Will+ Int+6}
 49218 | Elf:3    | Identified the +4 mace of Mats {freeze, *Corrode +Blink
                  | rN+}
 49219 | Elf:3    | Reached XP level 26. HP: 210/214 MP: 15/23
 49246 | Elf:3    | Identified the +2 long sword "Ox" {drain, Int+2}
 49252 | Elf:3    | Identified the +7 glaive of Vaonoci {heavy, +Blink Will+
                  | Stlth+}
 49693 | Elf:3    | Identified the +1 chain mail of Parlour Games {rF- rC+
                  | Str+2 Int+3}
 49707 | Elf:3    | Identified the staff of the Disturbing Deaths {Will+ Earth}
 49713 | Elf:3    | Identified the +3 shortbow of Kagh {drain, rPois rC- rN+++
                  | Int-3}
 49753 | Elf:3    | Got the Thoughts on the Valley
 49780 | Elf:3    | Identified the +8 chain mail "Waneteig" {rElec Will+}
 49792 | Elf:3    | Identified the +2 plate armour of Enusoiq {*Corrode rElec
                  | rN+++ Int+3}
 50144 | Vaults:5 | Entered Level 5 of the Vaults
 50518 | Vaults:5 | Noticed an ancient lich
 50529 | Vaults:5 | Killed an ancient lich
 50808 | Vaults:5 | Found Daddal's Magic Scroll Boutique.
 50815 | Vaults:5 | Bought a scroll of teleportation for 51 gold pieces
 50815 | Vaults:5 | Bought a scroll of brand weapon for 161 gold pieces
 50815 | Vaults:5 | Bought a scroll of revelation for 127 gold pieces
 50815 | Vaults:5 | Bought a scroll of brand weapon for 161 gold pieces
 50815 | Vaults:5 | Bought a scroll of revelation for 127 gold pieces
 50923 | Vaults:5 | Got a silver rune of Zot
 51134 | Vaults:5 | Identified the +9 hand axe "Wutoer" {chaos, rElec rF+ rN+
                  | Will-}
 51158 | Vaults:5 | Found the +3 salamander hide armour {Flames, rFlCloud rF++
                  | rC--}
 51362 | Vaults:5 | Got the Vademecum on Ceraunoscopy
 51589 | Vaults:3 | Bought a potion of haste for 180 gold pieces
 51589 | Vaults:3 | Bought a scroll of fog for 72 gold pieces
 51786 | Orc:2    | Bought a potion of curing for 39 gold pieces
 51786 | Orc:2    | Bought a potion of ambrosia for 104 gold pieces
 51786 | Orc:2    | Bought a potion of ambrosia for 104 gold pieces
 52005 | Zot:1    | Entered Level 1 of the Realm of Zot
 52070 | Zot:2    | Noticed an electric golem
 52210 | Zot:2    | Noticed an electric golem
 52216 | Zot:2    | Killed an electric golem
 52258 | Zot:2    | Killed an electric golem
 52259 | Zot:2    | Reached skill level 15 in Armour
 52419 | Zot:3    | Reached XP level 27. HP: 240/249 MP: 23/23
 52928 | Zot:3    | why
 52981 | Zot:4    | Noticed an electric golem
 52981 | Zot:4    | Noticed an electric golem
 52981 | Zot:4    | Noticed an electric golem
 53056 | Zot:5    | Entered Level 5 of the Realm of Zot
 53698 | Zot:5    | Noticed a dread lich
 53712 | Zot:5    | Noticed an orb of fire
 53713 | Zot:5    | Killed a dread lich
 53713 | Zot:5    | Noticed an orb of fire
 53720 | Zot:5    | Killed an orb of fire
 53730 | Zot:5    | Killed an orb of fire
 53763 | Zot:5    | Noticed an ancient lich
 53770 | Zot:5    | Killed an ancient lich
 53775 | Zot:5    | Noticed an electric golem
 53786 | Zot:5    | Killed an electric golem
 53838 | Zot:5    | Got the Orb of Zot
 53913 | Zot:5    | Reached skill level 24 in Dodging
 53938 | Zot:3    | Gained mutation: You are frail. (-10% HP) [a neqoxec]
 54421 | D:$      | Escaped with the Orb!

Levels and vault maps discovered:
D:1:      dpeg_arrival_three_same_balls, layout_basic,
          hellmonk_ecumenical_altar_crossroads
D:2:      layout_basic, serial_shops, shop, nicolae_shop_getting_attention,
          uniq_sigmund
D:3:      cheibrodos_thug_alley, layout_basic, chei_slow_surprise,
          gup_sewer_entry_bubbles, minmay_misc_feat_room
D:4:      layout_cave_pools, nicolae_qazlal_general_emergency,
          mainiacjoe_overflow_concentric_impassable, overflow_temple_1_default,
          minmay_temple_entry_glassed_door, gammafunk_ghost_icy, serial_shops,
          nicolae_shop_crystal
D:5:      layout_rooms, nicolae_gozag_cash_rules_everything_around_me,
          nicolae_overflow_hidden_temple, serial_shops, shop,
          gammafunk_ghost_abyssal_escape, hangedman_decor_points, minmay_holes,
          minmay_misc_feat_iff, kennysheep_generic_room_2
D:6:      layout_loops_cross
D:7:      layout_rooms, nicolae_phantomly_mirrored, uniq_jeremiah
D:8:      layout_loops_ring, old_standard_altar, lair_entry_dummy,
          ebering_ghost_disaster_area
D:9:      layout_loops_ring, grunt_temple_overflow_growth_and_decay
D:10:     layout_roguey, david_orc_5
D:11:     cheibrodos_orc_bank, layout_cave_pools,
          portal_ice_cave_entry_ice_simulacra, serial_shops,
          nicolae_shop_tiny_waterfront
D:12:     layout_gridville, uniq_fannar, uniq_sonja
D:13:     layout_basic, gauntlet_entry_generic
D:14:     layout_loops_ring, david_vaults_3, minmay_misc_feat_ornament
D:15:     hangedman_depths_entry_try_elsewhere_first, layout_cave_pools,
          uniq_agnes
Temple:   nicolae_temple_god_jail
Lair:1:   layout_cave_pods, minivault_25
Lair:2:   layout_chaotic_city, spider_nest_entry_web_field, basic_altar
Lair:3:   layout_cellular_growth, mainiacjoe_swamp_entry_lozenge_pond
Lair:4:   layout_roguey, dpeg_oklob_1, serial_bayou_shore_a
Lair:5:   evil_forest, layout_loops_ring, slime_entry_1, grunt_megastairs_2,
          infiniplex_staircase_pool_2
Swamp:1:  layout_basic_swamp, gammafunk_ghost_grave, serial_swamp_ruin,
          evilmike_swamp_ruin_rubble_1, evilmike_swamp_ruin_house_1,
          swamp_pool_3, nicolae_swamp_nymph_family_reunion
Swamp:2:  layout_basic_swamp, nicolae_swamp_small_spring,
          nicolae_swamp_decorative_isthmus
Swamp:3:  layout_basic_swamp, lemuel_altar_in_water
Swamp:4:  swamp_fiery, layout_basic_swamp, nicolae_swamp_treefoil,
          swamp_pool_1_2
Spider:1: layout_spider_delve, drop_trap
Spider:2: layout_chambers
Spider:3: layout_chambers
Spider:4: guppyfry_spider_rune, drop_trap, nicolae_spider_world_wide_web
Orc:1:    layout_caves, nicolae_orc_beogh_chapel, uniq_harold
Orc:2:    pf_orc_diabolical, layout_caves, basic_altar, serial_shops,
          nicolae_shop_rolling_square
Elf:1:    nicolae_elf_arrival_fired_up, layout_rooms,
          nicolae_elf_shapeshifter_party, hangedman_elf_represent
Elf:2:    elven_hall_of_blades_hangedman_original
          [nicolae_blade_entry_floor_patterns], layout_loops_corners,
          portal_desolation_entry_nicolae_slug, lemuel_upstairs_altar,
          uniq_norris
Elf:3:    minmay_elf_hall_quartered_circle, layout_rooms
Vaults:1: lightli_enter_wizlab_magi_temple, nicolae_vaults_apartment_2,
          nicolae_vaults_hallways_thing, nicolae_vaults_more_shelving_2,
          st_smaller_cells, vaults_dpeg_cross, vaults_mumra_minichess,
          nicolae_vaults_sightless_eye, nicolae_vaults_tetromino_L_1,
          nicolae_vaults_surprise_closet, layout_vaults_quadrants
Vaults:2: vaults_dpeg_doors, nicolae_vaults_oval_intersection, v_alt_pattern_6,
          nicolae_vaults_three_branches, nicolae_vaults_heart-shaped_vault,
          nicolae_vaults_little_squares_2, nicolae_vaults_sealed_display,
          nicolae_vaults_minivaults, nicolae_vaults_trapezoid_lopsided_3,
          vaults_dpeg_emergency_exit, nicolae_vaults_double_plus_2,
          nicolae_vaults_taking_the_gang_shopping, ontoclasm_vaults_chip,
          nicolae_vaults_octothorpe, layout_vaults_ring, serial_shops, shop,
          uniq_zenata
Vaults:3: nicolae_vaults_octothorpe, nicolae_vaults_ellipses_ellipsis,
          nicolae_vaults_trapezoid_lopsided_1,
          nicolae_vaults_door_testing_chamber, ontoclasm_vaults_shuriken,
          hangedman_vaults_impose, minmay_crypt_entry_simple_statues,
          nicolae_vaults_network_s, nicolae_vaults_ring_of_whatevers,
          nicolae_vaults_network_quinsquares
          [nicolae_vaults_network_quincunx_subvault,
          nicolae_vaults_network_quincunx_subvault,
          nicolae_vaults_network_quincunx_subvault,
          nicolae_vaults_network_quincunx_subvault],
          nicolae_vaults_tetromino_L_1, dpeg_vaults_monster_row,
          nicolae_vaults_trapezoid_layered, nicolae_vaults_tetromino_T_1,
          hangedman_vaults_maws, nicolae_vaults_house_1,
          nicolae_vaults_tetromino_Z_1, layout_vaults_maze, serial_shops, shop,
          uniq_xtahua, uniq_margery
Vaults:4: hangedman_vaults_stream, nicolae_vaults_diamond_2,
          nicolae_vaults_house_2, hangedman_vaults_stagger, v_misc_24,
          vaults_room_fancy_cross, v_misc_10, v_rooms_3,
          nicolae_vaults_heart-shaped_vault, nicolae_vaults_little_squares_4,
          v_misc_22, layout_vaults_omnicross
Vaults:5
Crypt:1:  layout_catacombs
Crypt:2:  layout_chaotic_city
Crypt:3:  evilmike_haunted_forest
Depths:1: layout_gridlike, hangedman_geh_valley, interstate_on_off,
          minmay_guarded_unrand_wrath_of_trog, kennysheep_random_hallway
Depths:2: evilmike_horseshoe, layout_cave_pools, hangedman_coc_ice_floe,
          pan_entry, nicolae_lava_and_water, nicolae_shop_firing_range,
          infiniplex_staircase_zigzag_1, uniq_mara
Depths:3: grunt_profane_halls [grunt_profane_loot, grunt_profane_temple_dis,
          grunt_profane_temple_tar, grunt_profane_temple_coc,
          grunt_profane_temple_geh], abyss_entry, hell_entry, uniq_josephina
Depths:4: grunt_zot_entry_funnels, layout_cave_shapes,
          nzn_wu_jian_contemplation, abyss_entry, serial_shops,
          nicolae_shop_temple_entry_statues_fountains, hell_entry, uniq_boris,
          uniq_sojobo
Zot:1:    layout_misc_corridors, skrybe_zot_glass_2, drop_trap
Zot:2:    layout_misc_corridors, st_single_dragon_hoard_3, grunt_megastairs_1
Zot:3:    gammafunk_the_bubble [the_bubble_gammafunk_crates],
          layout_twisted_circle, hangedman_zot_spectrum
Zot:4:    layout_gridlike, regret_index_zotdec_zees, lemuel_golem_globe,
          uniq_grunn
Zot:5:    layout_onion

Action                     |  1- 3 |  4- 6 |  7- 9 | 10-12 | 13-15 | 16-18 | 19-21 | 22-24 | 25-27 || total
---------------------------+-------+-------+-------+-------+-------+-------+-------+-------+-------++-------
  Melee: Club              |    19 |       |       |       |       |       |       |       |       ||    19
         Dagger            |    48 |    86 |    61 |       |       |       |       |       |       ||   195
         Whip              |    47 |    74 |    60 |       |       |       |       |       |       ||   181
         Falchion          |       |       |   105 |   362 |   581 |       |       |       |       ||  1048
         Demon blade       |       |       |    98 |   410 |   711 |   596 |   574 |   655 |  1062 ||  4106
         Double sword      |       |       |       |       |   107 |   619 |   827 |   640 |       ||  2193
         Quick blade       |       |       |       |       |       |       |   404 |  1130 |  1863 ||  3397
         Unarmed           |       |       |       |       |       |       |       |       |     1 ||     1
  Throw: Dart              |       |       |       |     4 |     2 |       |     2 |       |     2 ||    10
 Invoke: Sacrifice Skill   |       |       |     1 |       |       |       |       |       |       ||     1
         Sacrifice Love    |       |       |       |     1 |       |       |       |       |       ||     1
         Sacrifice Artific |       |       |       |     1 |       |       |       |       |       ||     1
         Sacrifice Stealth |       |       |       |     1 |       |       |       |       |       ||     1
         Apocalypse        |       |       |       |       |     8 |     2 |     2 |     4 |     3 ||    19
         Reject Sacrifices |       |       |       |       |     2 |     1 |     1 |     1 |       ||     5
         Sacrifice Forms   |       |       |       |       |     1 |       |       |       |       ||     1
         Sacrifice Essence |       |       |       |       |       |       |       |     1 |       ||     1
         Power Leap        |       |       |       |       |       |       |       |     4 |       ||     4
         Sacrifice Arcana  |       |       |       |       |       |       |       |     1 |       ||     1
  Evoke: Wand              |     2 |     3 |     5 |     4 |       |       |       |       |       ||    14
    Use: Scroll            |       |     2 |    20 |    10 |     8 |     3 |     3 |     2 |    16 ||    64
         Potion            |       |       |     1 |     2 |     2 |       |     2 |       |     6 ||    13
   Stab: Distracted        |       |     1 |       |       |     3 |     5 |     7 |     9 |    10 ||    35
         Paralysed         |       |       |       |     2 |       |     4 |     5 |     6 |     3 ||    20
         Betrayed ally     |       |       |       |     1 |       |       |       |       |       ||     1
         Invisible         |       |       |       |     4 |     6 |    10 |    13 |     8 |    13 ||    54
 Armour: Leather armour    |    16 |       |       |       |       |       |       |       |       ||    16
         Chain mail        |    14 |       |       |       |       |       |       |       |       ||    14
         Ring mail         |    10 |    48 |    27 |       |   215 |   306 |   250 |   329 |       ||  1185
         Scale mail        |       |       |    26 |   167 |    90 |       |       |    35 |   156 ||   474
         Quicksilver drago |       |       |       |       |       |       |       |       |    90 ||    90
         Fire dragon scale |       |       |       |       |       |       |       |       |   189 ||   189
         Skin              |       |       |       |       |       |       |       |       |     1 ||     1
  Dodge: Dodged            |    22 |    41 |    80 |   190 |   377 |   554 |   556 |   954 |   949 ||  3723
